 Dungeon Crawl Stone Soup version 0.17-a0-2109-g117576f (webtiles) character file.

35 Duffy the Shield-Bearer (level 3, -4/29 HPs)
             Began as a Formicid Fighter on Oct 19, 2015.
             Killed from afar by Sigmund (12 damage)
             ... with a puff of flame
             ... on level 2 of the Dungeon.
             The game lasted 00:01:31 (1204 turns).

Duffy the Shield-Bearer (Formicid Fighter)          Turns: 1204, Time: 00:01:31

Health: -4/29      AC: 11    Str: 21    XL:     3   Next: 52%
Magic:  3/3        EV:  4    Int:  7    God:
Gold:   98         SH:  0    Dex: 10    Spells: 0 memorised, 2 levels left

rFire  . . .     SeeInvis +     a - +0 war axe
rCold  . . .     Clarity  .     o - +0 plate armour
rNeg   . . .     SustAt   .     c - +0 shield
rPois  .         Gourm    .     (helmet unavailable)
rElec  .         Spirit   .     (no cloak)
rCorr  .         Warding  .     (no gloves)
rMut   .         Stasis   +     (no boots)
MR     .....                    (no amulet)
Stlth  ..........               (no ring)
                                (no ring)

@: confused, not resistant to hostile enchantments, extremely unstealthy
A: permanent stasis, dig shafts and tunnels, four strong arms, antennae 3
a: Dig, Shaft Self


You were on level 2 of the Dungeon.
You were very hungry.

You visited 1 branch of the dungeon, and saw 2 of its levels.

You collected 98 gold pieces.


Innate Abilities, Weirdness & Mutations

You are under a permanent stasis effect.
You can dig through walls and to a lower floor.
Your four strong arms can wield two-handed weapons with a shield.
You have a pair of large antennae on your head (SInv).


   Skills:
 - Level 3.2 Fighting
 + Level 3.1 Axes
 - Level 3.2 Armour
 + Level 4.3 Shields


You had 2 spell levels left.
You didn't know any spells.

Inventory:

Hand Weapons
 a - a +0 war axe (weapon)
Missiles
 f - 38 stones (quivered)
Armour
 b - a +0 scale mail
 c - a +0 shield (worn)
 n - a +0 chain mail
 o - a +0 plate armour (worn)
Scrolls
 j - a scroll of enchant armour {unknown}
 k - a scroll of random uselessness {unknown}
 l - 2 scrolls of identify {unknown}
 m - a scroll of teleportation {unknown}
Potions
 d - a potion of might
 g - a potion of haste {unknown}
 h - a potion of cancellation {unknown}
 i - a potion of resistance {unknown}
Comestibles
 e - a bread ration

Dungeon Overview and Level Annotations

Branches:
Dungeon (2/15)

Altars:

Annotations:
D:2 Sigmund


Message History

You block Sigmund's attack.
You hit Sigmund but do no damage.
Sigmund is moderately wounded.
Sigmund hits you but does no damage.
You hit Sigmund but do no damage.
Sigmund is moderately wounded.
Sigmund barely misses you.
Your plate armour prevents you from hitting Sigmund.
Sigmund is moderately wounded.
Sigmund barely misses you.
You slash Sigmund!
Sigmund is heavily wounded.
Sigmund hits you with a scythe.
You closely miss Sigmund.
Sigmund is heavily wounded.
You hit Sigmund.
Sigmund is severely wounded.
Sigmund barely misses you.
You hit Sigmund but do no damage.
Sigmund is severely wounded.
Sigmund flickers, as though insubstantial.
Sigmund points at you and mumbles some strange words.
You resist with some effort.
Sigmund points at you and mumbles some strange words.
You are confused.
You're too confused to attack without stumbling around!
You're too confused to attack without stumbling around!
You're too confused to attack without stumbling around!
Your mandibles retract as you bump into the rock wall.
Sigmund completely misses you.
You bump into the rock wall.
You bump into the rock wall.
Sigmund casts a spell at you. The puff of flame hits you!
You die...

##########
.........#
########.###
.........^.#
######.#.#.## ###
#.#....# ##@#
#....#.###@##
####.#..###.######
#.##............
#..#..#########.
#..##.# #..##.#
#...#{# #{.


You could see Sigmund (invisible).

Action                   || total
-------------------------++-------
Melee: War axe           ||    83
 Abil: Dig               ||     1

Notes
Turn   | Place    | Note
--------------------------------------------------------------
     0 | D:1      | Duffy the Formicid Fighter began the quest for the Orb.
     0 | D:1      | Reached XP level 1. HP: 18/18 MP: 1/1
   323 | D:1      | Reached XP level 2. HP: 24/24 MP: 2/2
   430 | D:1      | Reached skill level 4 in Shields
   896 | D:2      | Reached XP level 3. HP: 29/29 MP: 3/3
   920 | D:2      | Reached skill level 3 in Axes
  1174 | D:2      | Noticed Sigmund
  1204 | D:2      | Killed from afar by Sigmund

Vault maps used:
D:1:      dpeg_arrival_simpleton_a
D:2:      lemuel_upstairs_altar, uniq_sigmund

Vanquished Creatures
  An adder
  A worm
  2 bats
  2 giant cockroaches
  3 goblins
  4 hobgoblins
  7 kobolds
  A giant newt
  5 rats
26 creatures vanquished.
